 Dungeon Crawl Stone Soup version 0.31.0-9-g3a7656b989 (webtiles) character file.

Game seed: 3002520941564914710

98317 Killerpretzel the Blinker (level 15, -3/63 HPs)
             Began as a Felid Air Elementalist on Feb 2, 2024.
             Was an Initiate of Gozag.
             Slain by a frost giant
             ... wielding a +2 battleaxe of freezing
              (5 damage)
             ... on level 1 of the Depths.
             The game lasted 03:32:34 (51988 turns).

Killerpretzel the Blinker (Felid Air Elementalist) Turns: 51988, Time: 03:32:35

Health: -3/63      AC:  7    Str:  4    XL:     15   Next: 74%
Magic:  4/31       EV: 31    Int: 26    God:    Gozag
Gold:   2301       SH:  0    Dex: 14    Spells: 11/36 levels left
                                        Lives:  0   Deaths: 3

rFire   + + +        (weapon unavailable)
rCold   + . .        (shield unavailable)
rNeg    . . .        (body armour unavailable)
rPois   .            (helmet unavailable)
rElec   +            (cloak unavailable)
rCorr   +            (gloves unavailable)
SInv    +            (boots unavailable)
Will    ++...        i - amulet of regeneration
Stlth   ++           a - ring of Anessu {rElec rF+++ rCorr AC+4 Dex-3}
HPRegen 1.10/turn    l - +5 ring of evasion
MPRegen 0.22/turn

%: no passive effects
@: no status effects
A: very small, claws 1, fangs 3, see invisible, shaggy fur 3, stealthy paws, no
weapons or thrown items, no armour, multi-lived
a: Renounce Religion, Potion Petition, Call Merchant, Bribe Branch


You were on level 1 of the Depths.
You worshipped Gozag.
Gozag was most pleased with you.
You visited 8 branches of the dungeon, and saw 27 of its levels.
You visited the Abyss 1 time.

You collected 7637 gold pieces.
You spent 1816 gold pieces at shops.
You paid 3520 gold pieces to Gozag.

Inventory:

Jewellery
 a - the ring of Anessu (left paw) {rElec rF+++ rCorr AC+4 Dex-3}
   (You bought it in a shop on level 2 of the Orcish Mines)

   [ring of protection]

   AC+4:      It affects your AC (+4).
   Dex-3:     It affects your dexterity (-3).
   rF+++:     It renders you almost immune to fire.
   rElec:     It insulates you from electricity.
   rCorr:     It protects you from acid and corrosion.
 i - an amulet of regeneration (around neck)
 l - a +5 ring of evasion (right paw)
 x - a ring of protection from cold
 y - a ring of poison resistance
 A - a ring of willpower
 B - a ring of protection from fire
Wands
 n - a wand of paralysis (9)
 p - a wand of roots (2)
 u - a wand of flame (14)
 v - a wand of digging (5)
 z - a wand of light (1)
Scrolls
 b - 8 scrolls of fear
 d - 3 scrolls of identify
 e - a scroll of revelation
 o - 7 scrolls of teleportation
 q - 3 scrolls of fog
 t - 2 scrolls of silence {unknown}
 C - a scroll of immolation {unknown}
 D - a scroll of vulnerability
Potions
 c - 3 potions of haste
 f - 2 potions of lignification
 g - a potion of mutation
 h - 3 potions of cancellation
 j - 2 potions of ambrosia
 k - 3 potions of attraction
 m - 2 potions of invisibility
 s - 2 potions of resistance
 w - 3 potions of enlightenment
 H - a potion of brilliance


   Skills:
 + Level 15.5 Dodging
 - Level 2.8 Stealth
 + Level 11.3 Spellcasting
 + Level 10.9 Conjurations
 + Level 15.7 Translocations
 * Level 14.0 Air Magic
 + Level 7.1 Shapeshifting


You had 11 spell levels left.
You knew the following spells:

 Your Spells              Type           Power      Damage    Failure   Level
a - Shock                 Conj/Air       100%       1d9       1%          1
b - Static Discharge      Conj/Air       100%       3-8/arc   1%          2
c - Airstrike             Air            36%        2d(6-22)  1%          4
d - Dispersal             Tloc           38%        N/A       1%          6
e - Blink                 Tloc           100%       N/A       0%          2
f - Manifold Assault      Tloc           77%        N/A       1%          4
g - Mephitic Cloud        Conj/Alch/Air  55%        N/A       1%          3
h - Swiftness             Air            73%        N/A       1%          3

Your spell library contained the following spells:

 Spells                   Type           Power      Damage    Failure   Level
 Lesser Beckoning         Tloc           100%       N/A       0%          2
 Momentum Strike          Conj/Tloc      100%       3d10      1%          2
 Dazzling Flash           Conj/Hex       86%        N/A       1%          3
 Gell's Gravitas          Tloc           77%        N/A       1%          3
 Stone Arrow              Conj/Erth      86%        3d12      1%          3
 Teleport Other           Tloc           77%        N/A       1%          3
 Slow                     Hex            56%        N/A       4%          1
 Summon Small Mammal      Summ           56%        N/A       4%          1
 Flame Wave               Conj/Fire      43%        2d11      4%          4
 Summon Forest            Summ/Tloc      26%        N/A       4%          5
 Call Imp                 Summ           28%        N/A       6%          2
 Sublimation of Blood     Necr           14%        N/A       6%          2
 Silence                  Hex/Air        25%        N/A       6%          5
 Call Canine Familiar     Summ           14%        N/A       12%         3
 Confusing Touch          Hex            14%        N/A       12%         3
 Inner Flame              Hex/Fire       14%        N/A       12%         3
 Sigil of Binding         Hex            14%        N/A       12%         3
 Summon Ice Beast         Ice/Summ       14%        N/A       12%         3
 Vampiric Draining        Necr           14%        2d7       12%         3
 Fireball                 Conj/Fire      21%        3d10      12%         5
 Cause Fear               Hex            7%         N/A       38%         4
 Sticky Flame             Fire/Alch      14%        2d5       38%         4
 Summon Blazeheart Golem  Fire/Summ      14%        N/A       38%         4
 Disjunction              Tloc           38%        N/A       38%         8
 Curse of Agony           Necr           14%        N/A       75%         5
 Summon Mana Viper        Hex/Summ       14%        N/A       75%         5
 Malign Gateway           Summ/Tloc      26%        N/A       80%         7
 Eringya's Noxious Bog    Alch           7%         4d6       99%         6
 Monstrous Menagerie      Summ           7%         N/A       100%        7
 Summon Hydra             Summ           7%         N/A       100%        7
 Lehudib's Crystal Spear  Conj/Erth      21%        10d6      100%        8
 Summon Horrible Things   Summ           7%         N/A       100%        8
 Dragon's Call            Summ           7%         N/A       100%        9
 Animate Armour           Summ/Erth      Unusable   N/A       N/A         4

Dungeon Overview and Level Annotations

Branches:
Dungeon (15/15)            Temple (1/1) D:6            Lair (5/5) D:11
 Shoals (1/4) Lair:2        Snake (1/4) Lair:3        Slime (0/5) Lair:4
    Orc (2/2) D:11            Elf (1/3) Orc:2        Vaults (0/5) D:13
 Depths (1/4) D:15

Altars:
Ashenzari
Cheibriados
Dithmenos
Elyvilon
Fedhas
Gozag
Hepliaklqana
Kikubaaqudgha
Makhleb
Nemelex Xobeh
Okawaru
Qazlal
Ru
Sif Muna
Trog
Uskayaw
Vehumet
Wu Jian
Xom
Yredelemnul
Zin
The Shining One

Shops:
D:14 :   Orc:1 :*=   Orc:2 !=?(

Portals:
Trove: D:13 (give 2 scrolls of acquirement)

Annotations:
D:3 exclusion: downstairs
D:5 Eustachio, Menkaure
D:10 1 runed translucent door, exclusion: 2 doors, AlterAsc's ghost, novice FoFi
D:11 exclusion: downstairs
D:13 exclusion: 4 doors
D:14 exclusion: downstairs
D:15 2 transporters, Xiestris's ghost, journeyman DsGl


Innate Abilities, Weirdness & Mutations

You have sharp claws.
You have razor-sharp teeth.
You have supernaturally acute eyesight. (SInv)
Your thick and shaggy fur keeps you warm. (AC +3, rC+)
Your paws help you pounce on unaware monsters.
You are incapable of wielding weapons or throwing items.
You cannot wear armour.
You gain extra lives every three experience levels.


Message History

Aiming: Airstrike (safe; 1% risk of failure)
Press: ? - help, Dir - move target, f/p - frost giant
Aim: a frost giant, wielding a +2 battleaxe of freezing (lightly wounded, empty space bonus: 5/8)
The air twists around and strikes the frost giant!
The frost giant is moderately wounded.
Casting: Airstrike (safe; 1% risk of failure)
Confirm with . or Enter, or press ? or * to list all spells.
Aiming: Airstrike (safe; 1% risk of failure)
Press: ? - help, Dir - move target, f/p - frost giant
Aim: a frost giant, wielding a +2 battleaxe of freezing (moderately wounded, empty space bonus: 5/8)
The air twists around and strikes the frost giant!
The frost giant is moderately wounded.
Casting: Airstrike (safe; 1% risk of failure)
Confirm with . or Enter, or press ? or * to list all spells.
Aiming: Airstrike (safe; 1% risk of failure)
Press: ? - help, Dir - move target, f/p - frost giant
Aim: a frost giant, wielding a +2 battleaxe of freezing (moderately wounded, empty space bonus: 6/8)
The air twists around and strikes the frost giant!
The frost giant is moderately wounded.
The frost giant hits you with a +2 battleaxe of freezing.
Casting: Airstrike (safe; 1% risk of failure)
Confirm with . or Enter, or press ? or * to list all spells.
Aiming: Airstrike (safe; 1% risk of failure)
Press: ? - help, Dir - move target, f/p - frost giant
Aim: a frost giant, wielding a +2 battleaxe of freezing (moderately wounded, empty space bonus: 6/8)
The air twists around and strikes the frost giant!
The frost giant is heavily wounded.
The frost giant hits you with a +2 battleaxe of freezing!!
The frost giant freezes you.
Casting: Airstrike (safe; 1% risk of failure)
Confirm with . or Enter, or press ? or * to list all spells.
Aiming: Airstrike (safe; 1% risk of failure)
Press: ? - help, Dir - move target, f/p - frost giant
Aim: a frost giant, wielding a +2 battleaxe of freezing (heavily wounded, empty space bonus: 6/8)
The air twists around and strikes the frost giant but does no damage.
The frost giant hits you with a +2 battleaxe of freezing!!
* * * LOW HITPOINT WARNING * * *
The frost giant freezes you.
You die...
Your body crumbles into a pile of gold.

#.... ...##
.....
...######
...#.....
####......
#####....C.#
......##@#.#
#...#...#
#..##.##
##.....#
#.....# .
##.....#
...#......#
#........#
####....##


You could see a frost giant.

Vanquished Creatures
  2 liches
  A deep elf demonologist (Elf:1)
  Erolcha (D:13)
  A vault guard (D:13)
  Josephine (Orc:2)
  4 hydras
  2 centaur warriors
  A death knight (D:12)
  6 ogre magi
  A boulder beetle (D:12)
  5 death yaks (Lair:2)
  21 two-headed ogres
  A dancing weapon (Elf:1)
  3 tengu warriors
  An occultist (D:15)
  A storm dragon zombie (D:15)
  2 deep elf knights (Elf:1)
  3 skeletal warriors
  A skyshark (Lair:5)
  A storm dragon skeleton (D:15)
  A mana viper (Lair:3)
  2 deep elf archers (Elf:1)
  A flayed ghost (D:15)
  2 arcanists (D:13)
  An orc knight (Orc:2)
  A necromancer (D:15)
  5 deep elf pyromancers
  9 deep elf zephyrmancers
  An orc sorcerer (Orc:2)
  10 cyclopes
  A salamander (Lair:3)
  5 manticores
  6 black mambas
  A guardian serpent (shapeshifter) (D:14)
  11 kobold blastminers (Orc:2)
  6 cane toads
  18 elephants
  3 gargoyles
  An unseen horror (D:10)
  A freezing wraith (D:13)
  6 rime drakes
  3 tengu conjurers
  9 komodo dragons
  7 trolls
  4 polar bears
  A raiju (shapeshifter) (D:9)
  5 dream sheep (Lair:4)
  Grinder (D:6)
  9 slime creatures
  A shadow (D:11)
  4 wyverns
  A water elemental (Elf:1)
  8 wraiths
  41 yaks
  3 basilisks
  A steam dragon (D:8)
  A human (shapeshifter) (D:13)
  2 wargs
  5 vampire mosquitoes
  4 acid dragons
  15 water moccasins
  13 orc warriors
  A sky beast (D:7)
  6 black bears
  15 wolves
  31 ogres
  13 centaurs
  4 phantoms
  A kobold brigand (D:8)
  11 bullfrogs
  A gnoll sergeant (D:9)
  5 necrophages (Lair:4)
  5 scorpions
  3 wights (D:9)
  6 killer bees (D:8)
  4 howler monkeys
  2 electric eels (Lair:1)
  3 bombardier beetles
  3 lava snakes (Lair:3)
  16 orc priests
  4 hounds
  A gnoll bouda (D:5)
  2 sleepcaps
  An iguana (D:2)
  22 orc wizards
  9 gnolls
  9 adders
  4 white imps
  3 dart slugs
  61 orcs
  7 endoplasms
  5 giant cockroaches
  10 goblins
  4 hobgoblins
  9 jackals
  10 kobolds
  7 quokkas
  7 ball pythons
  5 bats
  5 frilled lizards
  4 rats
608 creatures vanquished.

Vanquished Creatures (others)
  A deep elf knight (Elf:1)
  A white imp (D:15)
  2 orcs (D:8)
4 creatures vanquished.

Grand Total: 612 creatures vanquished

Notes
Turn   | Place    | Note
-------+----------+-------------------------------------------
     0 | D:1      | Killerpretzel the Felid Air Elementalist began the quest
                  | for the Orb.
     0 | D:1      | Reached XP level 1. HP: 9/9 MP: 4/4
    77 | D:1      | Reached skill level 1 in Conjurations
   235 | D:1      | Found a faded altar of an unknown god.
   330 | D:1      | Reached XP level 2. HP: 13/13 MP: 4/6
  1449 | D:2      | Reached XP level 3. HP: 16/16 MP: 1/7
  1452 | D:2      | Learned a level 2 spell: Static Discharge
  2162 | D:2      | Mangled by an iguana
  2162 | D:2      | Lost a life (0 lives remaining)
  2384 | D:2      | Reached XP level 4. HP: 21/21 MP: 4/8
  2384 | D:2      | Gained a life (1 life remaining)
  3537 | D:3      | Learned a level 4 spell: Airstrike
  3704 | D:3      | Noticed a scorpion
  4405 | D:4      | Noticed a phantom
  4584 | D:4      | Reached XP level 5. HP: 24/24 MP: 3/10
  4731 | D:3      | Gained mutation: You are covered in thick fur. (AC +2)
                  | [Felid growth]
  4731 | D:3      | Reached XP level 6. HP: 24/28 MP: 0/11
  5942 | D:5      | Entered Level 5 of the Dungeon
  5979 | D:5      | Reached skill level 5 in Dodging
  6136 | D:5      | Reached skill level 5 in Air Magic
  6136 | D:5      | Reached XP level 7. HP: 20/32 MP: 3/13
  6136 | D:5      | Gained a life (2 lives remaining)
  6836 | D:5      | Noticed Menkaure
  7085 | D:5      | Noticed Eustachio
  7324 | D:6      | Reached XP level 8. HP: 30/36 MP: 9/15
  7533 | D:6      | Found a shimmering altar of Xom.
  7827 | D:6      | Found a staircase to the Ecumenical Temple.
  7836 | Temple   | Entered the Ecumenical Temple
  7843 | Temple   | Became a worshipper of Gozag Ym Sagoz the Greedy
  8219 | D:6      | Noticed a komodo dragon
  8226 | D:6      | Killed a komodo dragon
  8540 | D:6      | Noticed Grinder
  8558 | D:6      | Killed Grinder
  8559 | D:6      | Reached skill level 5 in Spellcasting
  8720 | D:7      | Found a flagged portal.
  8909 | D:7      | Reached XP level 9. HP: 39/39 MP: 17/17
  9895 | D:7      | Found a hazy altar of Hepliaklqana.
  9906 | D:7      | Learned a level 6 spell: Dispersal
 10586 | D:8      | Reached skill level 5 in Conjurations
 12359 | D:9      | Reached XP level 10. HP: 44/44 MP: 19/20
 13118 | D:9      | Noticed a cyclops
 13123 | D:9      | Killed a cyclops
 13797 | D:9      | Noticed a centaur warrior
 13797 | D:9      | Noticed a two-headed ogre
 13797 | D:9      | Noticed a cyclops
 13817 | D:9      | Killed a centaur warrior
 13829 | D:9      | Noticed a meliai
 13863 | D:9      | Noticed a guardian serpent
 13983 | D:9      | Killed a two-headed ogre
 14170 | D:9      | Killed a cyclops
 14171 | D:9      | Reached skill level 10 in Dodging
 14171 | D:9      | Reached skill level 10 in Air Magic
 14487 | D:10     | Entered Level 10 of the Dungeon
 14509 | D:10     | Noticed a two-headed ogre
 14513 | D:10     | Killed a two-headed ogre
 14645 | D:10     | Noticed AlterAsc's ghost (novice FoFi)
 14656 | D:10     | Reached XP level 11. HP: 47/47 MP: 18/22
 14800 | D:10     | Noticed a two-headed ogre
 14805 | D:10     | Killed a two-headed ogre
 14899 | D:10     | Found a broken altar of Ashenzari.
 15463 | D:10     | Found an iron altar of Okawaru.
 15463 | D:10     | Found a white marble altar of Elyvilon.
 15465 | D:10     | Found a snail-covered altar of Cheibriados.
 15469 | D:10     | Found a hide-covered altar of Uskayaw.
 15685 | D:10     | Found a runed translucent door.
 15957 | D:11     | Found a white marble altar of Elyvilon.
 15996 | D:11     | Noticed a two-headed ogre
 16000 | D:11     | Killed a two-headed ogre
 16106 | D:11     | Learned a level 2 spell: Blink
 16583 | D:11     | Noticed a two-headed ogre
 16697 | D:11     | Reached skill level 1 in Translocations
 17127 | D:11     | Killed a two-headed ogre
 17128 | D:11     | Reached skill level 1 in Shapeshifting
 17295 | D:11     | Found a staircase to the Lair.
 17543 | D:11     | Found a staircase to the Orcish Mines.
 18167 | D:12     | Noticed a two-headed ogre
 18171 | D:12     | Noticed a deep elf pyromancer
 18172 | D:12     | Killed a two-headed ogre
 18176 | D:12     | Killed a deep elf pyromancer
 18239 | D:12     | Noticed a tengu warrior
 18300 | D:12     | Killed a tengu warrior
 18563 | D:12     | Gained mutation: Your thick and shaggy fur keeps you warm.
                  | (AC +3, rC+) [Felid growth]
 18563 | D:12     | Reached XP level 12. HP: 51/51 MP: 25/25
 18834 | D:12     | Noticed a boulder beetle
 19505 | D:12     | HP: 1/51 [boulder beetle (50)]
 19777 | D:11     | Learned a level 4 spell: Manifold Assault
 19893 | Orc:1    | Entered Level 1 of the Orcish Mines
 20532 | Orc:2    | Entered Level 2 of the Orcish Mines
 20532 | Orc:2    | Noticed Josephine
 20535 | Orc:2    | Killed Josephine
 20715 | Lair:1   | Entered Level 1 of the Lair of Beasts
 20725 | Lair:1   | Reached skill level 5 in Translocations
 22619 | Lair:2   | Noticed a death yak
 22619 | Lair:2   | Noticed a death yak
 22619 | Lair:2   | Noticed a death yak
 22619 | Lair:2   | Noticed a death yak
 22620 | Lair:2   | Noticed a death yak
 22644 | Lair:2   | Noticed a four-headed hydra
 22704 | Lair:2   | Found a frozen archway.
 22716 | Lair:2   | Killed a four-headed hydra
 23470 | Lair:2   | Killed a death yak
 23569 | Lair:2   | Learned a level 3 spell: Mephitic Cloud
 23604 | Lair:2   | Noticed a death yak
 23623 | Lair:2   | Killed a death yak
 23827 | Orc:1    | HP: 2/51 [/static electricity (2)]
 24135 | Orc:2    | Reached XP level 13. HP: 55/55 MP: 15/27
 26188 | Orc:2    | Reached skill level 10 in Translocations
 26441 | Orc:2    | Found Jipiog's Distillery.
 26441 | Orc:2    | Found Nunysho's Magic Scroll Emporium.
 26798 | Orc:2    | Found Doniwk's Antique Weapon Shop.
 26798 | Orc:2    | Found Memoan's Jewellery Emporium.
 26820 | Orc:2    | Found a staircase to the Elven Halls.
 27592 | Orc:2    | Reached skill level 5 in Shapeshifting
 28308 | Orc:2    | Bought the ring of Anessu {rElec rF+++ rCorr AC+4 Dex-3}
                  | for 1180 gold pieces
 28311 | Orc:2    | Bought a potion of resistance for 160 gold pieces
 28311 | Orc:2    | Bought a potion of haste for 160 gold pieces
 28311 | Orc:2    | Bought a potion of ambrosia for 128 gold pieces
 28311 | Orc:2    | Bought a potion of curing for 48 gold pieces
 28313 | Orc:2    | Bought a scroll of identify for 28 gold pieces
 28313 | Orc:2    | Bought a scroll of identify for 28 gold pieces
 28313 | Orc:2    | Bought a scroll of teleportation for 42 gold pieces
 28313 | Orc:2    | Bought a scroll of teleportation for 42 gold pieces
 29020 | D:12     | Identified the +6 chain mail of Amorality {rF+ rN+ rCorr}
 29892 | D:12     | Reached XP level 14. HP: 59/59 MP: 15/28
 30661 | Lair:2   | Found a staircase to the Shoals.
 30924 | Lair:2   | Reached skill level 10 in Spellcasting
 31993 | Lair:3   | Found a staircase to the Snake Pit.
 34709 | Lair:4   | Found a staircase to the Slime Pits.
 36201 | Lair:4   | Reached skill level 10 in Conjurations
 37425 | Lair:5   | Entered Level 5 of the Lair of Beasts
 37476 | Lair:5   | Identified the +0 pair of boots of Lesser Demons {Harm rF+
                  | Dex+3}
 43175 | Shoals:1 | Entered Level 1 of the Shoals
 43265 | Snake:1  | Entered Level 1 of the Snake Pit
 44223 | D:13     | Noticed Erolcha
 44438 | D:13     | Reached XP level 15. HP: 63/63 MP: 2/30
 45177 | D:13     | Killed Erolcha
 45523 | D:13     | Found the +12 glaive of Prune {freeze, Prune}
 45596 | D:13     | Found a gate to the Vaults.
 46141 | D:13     | Found a portal to a secret trove of treasure.
 46296 | D:14     | Reached skill level 15 in Dodging
 47243 | D:14     | Learned a level 3 spell: Swiftness
 47258 | D:15     | Entered Level 15 of the Dungeon
 47396 | D:15     | Found a transporter.
 47403 | D:15     | Noticed a tengu reaver
 47496 | Abyss:2  | Cast into level 2 of the Abyss (an occultist)
 47507 | Abyss:2  | Found a corrupted altar of Lugonu.
 47590 | Abyss:2  | Paralysed by accursed screaming for 2 turns
 47613 | Abyss:2  | HP: 1/63 [starcursed mass/accursed screaming (4)]
 47615 | Abyss:2  | Killed from afar by a starcursed mass
 47615 | Abyss:2  | Lost a life (1 life remaining)
 47630 | D:15     | Escaped the Abyss
 47754 | D:15     | Noticed Xiestris's ghost (journeyman DsGl)
 48170 | D:15     | Found a staircase to the Depths.
 49308 | D:14     | Reached skill level 15 in Translocations
 49448 | D:15     | Found a sparkling altar of Nemelex Xobeh.
 50154 | D:15     | Found a transporter.
 50495 | Elf:1    | Entered Level 1 of the Elven Halls
 51246 | Elf:1    | Shot with an arrow by a deep elf archer
 51246 | Elf:1    | Lost a life (0 lives remaining)
 51545 | Depths:1 | Entered Level 1 of the Depths
 51548 | Depths:1 | Noticed a lich
 51549 | Depths:1 | Noticed a lich
 51699 | D:15     | Killed a lich
 51796 | Depths:1 | Killed a lich
 51981 | Depths:1 | Noticed a frost giant
 51988 | Depths:1 | HP: 2/63 [frost giant/+2 battleaxe of freezing (27)]
 51988 | Depths:1 | Slain by a frost giant

Illustrated notes

Levels and vault maps discovered:
D:1:      dpeg_arrival_round_c, layout_basic,
          hellmonk_ecumenical_altar_leap_of_faith, minmay_misc_feat_nine_boxes
D:2:      minmay_recursive_quarters, layout_loops_ring, serial_bayou_lagoon_a,
          corner_web_ring, grunt_ministairs_12
D:3:      layout_basic
D:4:      layout_basic
D:5:      layout_rooms, chequers_ossuary_entry_cave, uniq_eustachio,
          uniq_menkaure
D:6:      layout_basic, lemuel_tele_altar, minmay_temple_entry_antechambers,
          minmay_manual_maat, uniq_grinder
D:7:      layout_cave_pods, amcnicky_altar_gilded, enter_bailey_5
D:8:      layout_loops_ring
D:9:      layout_layer_cave, chequers_serial_rivers_small_b, grunt_tough_drop
D:10:     layout_irregular_city, minitemple, cheibrodos_ashenzari_chains,
          hellmonk_ghost_happy_afterlife
D:11:     layout_loops_ring, david_lair_shrubbed, david_orc_3, elyvilon_altar_5
D:12:     minmay_ornate_pinched, layout_rooms
D:13:     layout_roguey, david_vaults_4, nicolae_trove_entry_diagonal,
          minmay_guarded_unrand_prune, uniq_erolcha
D:14:     layout_irregular_city, corexii_corridor_pit
D:15:     gammafunk_depths_entry_grave, layout_irregular_city,
          gammafunk_ghost_arena, nemelex_diamond_rough_becter
Temple:   nicolae_temple_no_exploring_needed
Lair:1:   layout_regular_city, beast_lair_carwin_5, serial_bayou_shore_a
Lair:2:   layout_regular_city, minmay_shoals_entry_centaurs,
          portal_ice_cave_entry_pillars_1
Lair:3:   layout_cellular_growth, nicolae_snake_entry_warm_welcome,
          minmay_holes, lemuel_fruit_fields, infiniplex_staircase_pool
Lair:4:   layout_cave_pods, slime_entry_1, roderic_carrion_pond
Lair:5:   grunt_lair_end_beastmaster, layout_cellular_growth, patterned_corridor
Shoals:1: layout_shoals, serial_shops, nicolae_shop_peninsula,
          nicolae_shop_firing_range
Snake:1:  layout_cave_shapes, serial_shops, nicolae_shop_behind_doors,
          minmay_shop_grove
Orc:1:    layout_caves
Orc:2:    st_orc_ogre_mass, layout_caves, blackcustard_mines_bat_river,
          uniq_josephine
Elf:1:    layout_onion_city, minmay_elf_annihilation
Depths:1: layout_basic, grunt_hell_entry_dis_old, minmay_misc_feat_iff,
          zin_purify

Skill      XL: |  1  2  3  4  5  6  7  8  9 10 11 12 13 14 15 |
---------------+----------------------------------------------+-----
Conjurations   | 1 2 3 4 5 7 8 9 10 | 10.9
Dodging        | 3 4 5 6 7 8 10 11 12 13 14 15 | 15.5
Air Magic      | 3 4 5 6 7 8 10 11 12 13 14 | 14.0
Spellcasting   | 3 4 5 6 7 8 9 10 11 | 11.3
Translocations | 3 7 11 14 15 | 15.7
Shapeshifting  | 2 3 5 6 7 |  7.1
Stealth        | |  2.8

Action                     |  1- 3 |  4- 6 |  7- 9 | 10-12 | 13-15 || total
---------------------------+-------+-------+-------+-------+-------++-------
  Melee: Unarmed           |     9 |     6 |     2 |    11 |     8 ||    36
         Bite              |       |     1 |       |       |       ||     1
   Cast: Shock             |    75 |   101 |   106 |    35 |    16 ||   333
         Static Discharge  |     1 |    20 |    69 |   146 |    83 ||   319
         Airstrike         |       |       |    61 |   302 |   842 ||  1205
         Blink             |       |       |       |     3 |     4 ||     7
         Manifold Assault  |       |       |       |     8 |     2 ||    10
         Dispersal         |       |       |       |       |    28 ||    28
         Mephitic Cloud    |       |       |       |       |     3 ||     3
         Swiftness         |       |       |       |       |     1 ||     1
 Invoke: Call Merchant     |       |       |       |     2 |     2 ||     4
         Potion Petition   |       |       |       |       |     1 ||     1
  Evoke: Wand              |       |       |       |     6 |    20 ||    26
    Use: Scroll            |       |     7 |     7 |     7 |     8 ||    29
         Potion            |       |     1 |       |    12 |    10 ||    23
 Armour: Skin              |    12 |    32 |    85 |   285 |   261 ||   675
  Dodge: Dodged            |    32 |    24 |    66 |   249 |   446 ||   817
